 Dungeon Crawl Stone Soup version 0.26-a0-642-g67e99244d3 (webtiles) character file.

Game seed: 10506159706391677185

603766 Ijustatesigmund the Timeless (level 27, -15/201 HPs)
             Began as a Halfling Hunter on Sept 21, 2020.
             Was a High Priest of Cheibriados.
             Demolished by an emperor scorpion (18 damage)
             ... summoned by a greater mummy
             ... on level 10 of a ziggurat on Sept 23, 2020.
             The game lasted 04:53:01 (81077 turns).

Ijustatesigmund the Timeless (Halfling Hunter)     Turns: 81077, Time: 04:53:02

Health: -15/201    AC: 42    Str: 26 (29) XL:     27
Magic:  3/38       EV: 33    Int: 22 (25) God:    Cheibriados [*****.]
Gold:   6086       SH: 19    Dex: 35      Spells: 20/26 levels left

rFire    . . .     SeeInvis .   E - +7 fustibalus (flame)
rCold    . . .     Faith    .   l - +2 kite shield {reflect}
rNeg     + + +     Spirit   .   d - +10 plate armour of Polytheism {rElec rCorr}
rPois    +         Reflect  +   G - +2 hat {MR+}
rElec    +         Harm     .   X - +2 cloak {rCorr}
rCorr    +         Rampage  .   U - +2 pair of gloves {archery}
MR       +++..     NoTele   +   F - +3 pair of boots "Zaodwul" {-Tele rPois rN+++ Stlth-}
Stlth    +++.......             R - amulet of regeneration
HPRegen  0.00/turn              s - +4 ring of slaying
MPRegen  0.26/turn              y - ring of Starshine {+Blink EV+4}

@: lethally poisoned (-15 -> -92), non-regenerating, diseased, slowed, very slow
A: small, mutation resistance 1, poison resistance
}: 2/15 runes: decaying, silver
a: Bend Time, Temporal Distortion, Slouch, Step From Time, Renounce Religion,
Evoke Blink


You were on level 10 of a ziggurat.
You worshipped Cheibriados.
Cheibriados was extremely pleased with you.
You visited 10 branches of the dungeon, and saw 45 of its levels.
You visited the Abyss 1 time.
You visited 1 ziggurat, and saw 10 of its levels.
You also visited: Ice Cave and Wizlab.

You collected 9408 gold pieces.
You spent 3322 gold pieces at shops.

Inventory:

Hand Weapons
 b - a +5 short sword
 E - a +7 fustibalus of flaming (weapon)
Missiles
 e - 149 stones
 u - 12 sling bullets (quivered)
Armour
 d - the +10 plate armour of Polytheism (worn) {rElec rCorr}
   (You bought it in a shop on level 11 of the Dungeon)

   It insulates you from electricity.
   It provides partial protection from all sources of acid and corrosion.
 f - a +2 pair of boots
 g - a scarf of invisibility
 l - a +2 kite shield of reflection (worn)
 F - the +3 pair of boots "Zaodwul" (worn) {-Tele rPois rN+++ Stlth-}
   (You acquired it on level 5 of the Depths)

   It protects you from poison.
   It renders you almost immune to negative energy.
   It prevents most forms of teleportation.
   It makes you less stealthy.
 G - a +2 hat of magic resistance (worn)
 I - +2 fire dragon scales
 U - a +2 pair of gloves of archery (worn)
 X - a +2 cloak of preservation (worn)
Jewellery
 q - an uncursed ring of protection from fire
 s - a +4 ring of slaying (left hand)
 y - the ring of Starshine (right hand) {+Blink EV+4}
   (You found it on level 8 of the Dungeon)

   [ring of evasion]

   It affects your evasion (+4).
   It lets you blink.
 B - an uncursed ring of protection from fire
 C - an uncursed ring of protection from cold
 L - the ring of Udaxig {rC+ rCorr}
   (You took it off an orc on level 7 of the Dungeon)

   [ring of resist corrosion]

   It protects you from cold.
   It provides partial protection from all sources of acid and corrosion.
 R - an amulet of regeneration (around neck)
 S - the amulet "Konid" {Reflect rC+ Dex+4 SH+5}
   (You bought it in a shop on level 2 of the Orcish Mines)

   [amulet of reflection]

   It shields you and reflects attacks.
   It affects your dexterity (+4).
   It protects you from cold.
   It affects your SH (+5).
 V - an uncursed ring of see invisible
 W - an uncursed ring of protection from cold
Wands
 c - a wand of iceblast (71)
 D - a wand of acid (16)
 H - a wand of digging (10)
 J - a wand of polymorph (59)
Scrolls
 a - a scroll of silence
 n - 2 scrolls of identify
 p - 6 scrolls of fear
 t - 5 scrolls of teleportation
 v - 29 scrolls of remove curse
 w - a scroll of holy word
 z - 6 scrolls of fog
 A - 6 scrolls of magic mapping
 N - 6 scrolls of immolation
 T - 2 scrolls of blinking
 Y - 4 scrolls of summoning
Potions
 h - 3 potions of might
 i - 13 potions of stabbing
 j - 5 potions of brilliance
 m - 6 potions of ambrosia
 o - 3 potions of mutation
 r - 3 potions of magic
 x - 6 potions of flight
 K - 4 potions of resistance
 P - 9 potions of curing
 Z - 4 potions of heal wounds
Miscellaneous
 k - a phantom mirror
 M - a condenser vane (inert)
 O - a phantom mirror
 Q - a phantom mirror


   Skills:
 + Level 19.9 Fighting
 - Level 16.0 Short Blades
 - Level 21.7 Slings
 - Level 17.8 Armour
 - Level 17.6 Dodging
 - Level 18.8 Stealth
 + Level 14.3 Shields
 - Level 7.3 Hexes
 - Level 7.5 Translocations
 + Level 22.7 Invocations
 - Level 12.5 Evocations


You had 20 spell levels left.
You knew the following spells:

 Your Spells              Type           Power        Failure   Level
a - Apportation           Tloc           ####..       8%          1
b - Portal Projectile     Hex/Tloc       ####..       26%         3
c - Blink                 Tloc           N/A          12%         2

Your spell library contained the following spells:

 Spells                   Type           Power        Failure   Level
 Corona                   Hex            ####...      9%          1
 Slow                     Hex            ####....     13%         2
 Gell's Gravitas          Tloc           ####......   24%         3
 Lesser Beckoning         Tloc           ####......   24%         3
 Teleport Other           Tloc           ####....     24%         3
 Confusing Touch          Hex            ####....     26%         3
 Tukima's Dance           Hex            ####....     26%         3
 Ensorcelled Hibernation  Hex/Ice        ###...       52%         2
 Passage of Golubria      Tloc           N/A          61%         4
 Cause Fear               Hex            ####......   65%         4
 Dazzling Flash           Conj/Hex       ###...       75%         3
 Inner Flame              Hex/Fire       ###.....     75%         3
 Summon Guardian Golem    Hex/Summ       ###.....     75%         3
 Animate Skeleton         Necr           #.....       87%         1
 Beastly Appendage        Tmut           #.....       87%         1
 Foxfire                  Conj/Fire      #...         87%         1
 Freeze                   Ice            #...         87%         1
 Magic Dart               Conj           #...         87%         1
 Pain                     Necr           #...         87%         1
 Sandblast                Erth           #.....       87%         1
 Shock                    Conj/Air       #...         87%         1
 Sting                    Tmut/Pois      #...         87%         1
 Summon Small Mammal      Summ           #...         87%         1
 Call Imp                 Summ           #.......     95%         2
 Corpse Rot               Necr/Air       N/A          95%         2
 Passwall                 Tmut/Erth      #.......     95%         2
 Poisonous Vapours        Pois/Air       #.....       95%         2
 Sublimation of Blood     Necr           #.........   95%         2
 Swiftness                Air            #.......     95%         2
 Wereblood                Tmut           #.......     95%         2
 Fulminant Prism          Conj/Hex       ###.......   98%         4
 Iskenderun's Mystic Bla  Conj/Tloc      ###.....     98%         4
 Leda's Liquefaction      Hex/Erth       ###.......   98%         4
 Conjure Flame            Conj/Fire      #.......     99%         3
 Frozen Ramparts          Ice            #.....       99%         3
 Ignite Poison            Fire/Tmut/Pois #.......     99%         3
 Mephitic Cloud           Conj/Pois/Air  #.......     99%         3
 Spider Form              Tmut/Pois      #.........   99%         3
 Static Discharge         Conj/Air       #.......     99%         3
 Stone Arrow              Conj/Erth      #.....       99%         3
 Vampiric Draining        Necr           #.........   99%         3
 Airstrike                Air            #.........   100%        4
 Ice Form                 Ice/Tmut       #.......     100%        4
 Olgreb's Toxic Radiance  Pois           #.......     100%        4
 Petrify                  Tmut/Erth      #.......     100%        4
 Sticky Flame             Conj/Fire      #.......     100%        4
 Summon Lightning Spire   Summ/Air       #.......     100%        4
 Blade Hands              Tmut           #.........   100%        5
 Bolt of Magma            Conj/Fire/Erth #.........   100%        5
 Borgnjor's Vile Clutch   Necr/Erth      #.........   100%        5
 Fireball                 Conj/Fire      #.........   100%        5
 Irradiate                Conj/Tmut      #.........   100%        5
 Iskenderun's Battlesphe  Conj           #.......     100%        5
 Lee's Rapid Deconstruct  Erth           #.........   100%        5
 Lightning Bolt           Conj/Air       #.........   100%        5
 Metabolic Englaciation   Hex/Ice        ###.......   100%        5
 Silence                  Hex/Air        ###.......   100%        5
 Yara's Violent Unravell  Hex/Tmut       ###.......   100%        5
 Conjure Ball Lightning   Conj/Air       #.........   100%        6
 Freezing Cloud           Conj/Ice/Air   #.........   100%        6
 Hydra Form               Tmut           #.........   100%        6
 Invisibility             Hex            ####....     100%        6
 Iron Shot                Conj/Erth      #.........   100%        6
 Simulacrum               Ice/Necr       #.........   100%        6
 Starburst                Conj/Fire      #.........   100%        6
 Statue Form              Tmut/Erth      #........    100%        6
 Dragon Form              Tmut           #.........   100%        7
 Haunt                    Necr/Summ      #.........   100%        7
 Malign Gateway           Summ/Tloc      ###.......   100%        7
 Monstrous Menagerie      Summ           #.........   100%        7
 Spellforged Servitor     Conj/Summ      #.........   100%        7
 Summon Greater Demon     Summ           #.........   100%        7
 Borgnjor's Revivificati  Necr           #.........   100%        8
 Chain Lightning          Conj/Air       #.........   100%        8
 Discord                  Hex            ####......   100%        8
 Ignition                 Fire           #.........   100%        8
 Infestation              Necr           #.........   100%        8
 Lehudib's Crystal Spear  Conj/Erth      #.........   100%        8
 Necromutation            Tmut/Necr      #.........   100%        8
 Summon Horrible Things   Summ           #.........   100%        8
 Absolute Zero            Ice            #.........   100%        9
 Death's Door             Necr           #.........   100%        9
 Dragon's Call            Summ           #.........   100%        9
 Fire Storm               Conj/Fire      #.........   100%        9
 Shatter                  Erth           #.........   100%        9
 Tornado                  Air            #.........   100%        9


Dungeon Overview and Level Annotations

Branches:
Dungeon (15/15)            Temple (0/1) D:7            Lair (6/6) D:9
  Swamp (4/4) Lair:2        Snake (1/4) Lair:3        Slime (0/5) Lair:5
    Orc (2/2) D:9             Elf (3/3) Orc:2        Vaults (5/5) D:13
  Crypt (3/3) Vaults:2       Tomb (0/3) Crypt:3      Depths (5/5) D:15
   Hell (visited)             Dis (0/7) Hell            Geh (0/7) Hell
    Coc (0/7) Hell            Tar (0/7) Hell            Zot (0/5) Depths:5
  IceCv (visited)          WizLab (visited)

Altars:
Ashenzari
Cheibriados
Gozag
Hepliaklqana
Kikubaaqudgha
Makhleb
Okawaru
Qazlal
Ru
Vehumet
Wu Jian
Yredelemnul
Beogh

Shops:
D:11 [   D:12 !   Orc:2 }[=(   Vaults:5 =[   Depths:4 :

Portals:
Hell: Depths:1 Depths:2 Depths:3 Depths:4 Depths:5
Abyss: Depths:1 Depths:3 Depths:4
Pandemonium: Depths:2 Depths:3

Annotations:
Lair:2 3 runed translucent doors, Colgate's ghost, novice DEVM
Vaults:4 Kuqudo's ghost, adept DDFi


Innate Abilities, Weirdness & Mutations

You are small and have problems with some larger weapons.
You are somewhat resistant to further mutation.
Your system is resistant to poisons. (rPois)


Message History

The emperor scorpion is engulfed in blazing flames. x3
You block the emperor scorpion's attack. x2
The emperor scorpion claws you but does no damage.
The emperor scorpion is engulfed in blazing flames.
The emperor scorpion closely misses you.
The emperor scorpion completely misses you.
You block the emperor scorpion's attack.
A guardian mummy comes into view.
The greater mummy casts a spell at you. Something smites you!
* * * LOW HITPOINT WARNING * * *
The emperor scorpion is engulfed in blazing flames.
The guardian mummy is engulfed in blazing flames.
The emperor scorpion is engulfed in blazing flames.
The emperor scorpion completely misses you.
The emperor scorpion closely misses you.
The emperor scorpion completely misses you.
The emperor scorpion is engulfed in blazing flames.
The emperor scorpion stings you!!
You die...

▓▓▓▓ ..(.▓
..☼§§▓
..§§§§▓
.§§§§§§▓▓
.°M§.§ss▓▓
.○§§..sM@▓
.M☼§§§ss▓▓
.M§§§§s▓▓
..M8§○▓
..§§§▓
..§§▓ ▓▓▓▓


You could see a greater mummy (dazed), 6 emperor scorpions, 2 guardian mummies,
an ushabti and 2 mummies.

Vanquished Creatures
  A pandemonium lord (Zig:4)
  3 juggernauts
  Sojobo (Vaults:4)
  A greater mummy (Zig:10)
  Boris (twice) (Depths:3 Vaults:5)
  Bai Suzhen (Depths:3)
  the Lernaean hydra (Swamp:4)
  A caustic shrike (Depths:2)
  4 golden dragons
  A profane servitor (Crypt:2)
  Geryon (Hell)
  2 bone dragons (Abyss:3)
  3 iron giants
  A Hell Sentinel (Zig:4)
  10 tentacled monstrosities
  9 liches
  Jorgrun (Orc:1)
  5 titans
  The ghost of Othadal the Blocker, an adept GnFi of Okawaru (Elf:1)
  2 deep elf master archers (Elf:3)
  4 deep elf blademasters (Elf:3)
  A quicksilver dragon (Depths:5)
  An Executioner (Abyss:3)
  A tentacled starspawn (Zig:3)
  3 ancient champions
  Gastronok (D:10)
  6 sphinxes
  5 thorn hunters
  6 storm dragons
  7 shadow dragons
  6 revenants
  Donald (Swamp:1)
  6 large abominations
  10 fire giants
  12 tengu reavers
  4 iron dragons
  5 deep elf sorcerers
  Louise (Swamp:4)
  15 frost giants
  2 balrugs
  2 orc warlords
  11 ghouls
  2 ghost moths (Zig:8)
  21 vault wardens
  6 deep elf elementalists
  12 ironheart preservers
  2 curse skulls (Crypt:3)
  A draconian shifter (Depths:5)
  30 very ugly things
  7 war gargoyles
  2 entropy weavers (Vaults:3)
  7 reapers
  11 vampire knights
  34 stone giants
  2 green draconians (Depths:5)
  15 deep elf demonologists
  9 deep elf annihilators
  2 black draconians (Depths:5)
  14 purple draconians
  The ghost of hemabe71 the Covert, a journeyman HuAr of Trog (Lair:2)
  10 spark wasps
  A yellow draconian (Depths:5)
  9 statues (WizLab)
  4 eidola
  9 ettins
  4 blizzard demons
  A merfolk javelineer (Depths:2)
  Josephine (D:13)
  14 deep elf death magi
  7 fire dragons
  A fire dragon (shapeshifter) (Vaults:5)
  12 jiangshi
  A green death (Depths:3)
  16 deep elf high priests
  19 ogre magi
  7 great orbs of eyes
  9 ice dragons
  2 quicksilver dragon zombies
  A kraken zombie (Hell)
  A quicksilver dragon skeleton (Crypt:2)
  7 mummy priests
  22 hydras
  28 vault guards
  5 rakshasas
  25 yaktaur captains
  2 catoblepae
  4 spriggan air magi
  A monstrous demonspawn (Depths:3)
  A ghost crab (Swamp:3)
  A naga warrior (Snake:1)
  9 centaur warriors
  4 shambling mangroves
  A spectral stone giant (Crypt:3)
  5 death knights
  28 dancing weapons
  3 death scarabs
  12 alligators
  9 deep troll shamans
  36 two-headed ogres
  3 death yaks (D:9)
  A death yak (shapeshifter) (Depths:5)
  A tengu warrior (D:13)
  9 deep troll earth magi
  14 vampire magi
  24 deep elf knights
  5 orc high priests
  A thrashing horror (Abyss:3)
  9 sun demons
  3 spriggan berserkers
  12 hell knights
  4 soul eaters
  5 iron trolls
  A titan skeleton (Hell)
  19 skeletal warriors
  A sea snake (Snake:1)
  15 shadow wraiths
  3 iron golems (Hell)
  4 wretched stars
  A fire crab (D:14)
  A spatial maelstrom (Abyss:3)
  3 spriggan druids
  14 flayed ghosts
  A quicksilver dragon simulacrum (Zig:9)
  18 deep trolls
  An obsidian statue (Depths:1)
  5 glowing orange brains
  A torturous demonspawn (Depths:3)
  2 orange crystal statues (Zig:10)
  A shadow demon (Depths:1)
  10 swamp dragons
  A sphinx zombie (D:15)
  An iron dragon zombie (Crypt:1)
  6 lindwurms
  18 deep elf archers
  19 ironbrand convokers
  33 phantasmal warriors
  7 wizards
  A frost giant zombie (Zig:9)
  4 wolf spiders
  8 necromancers
  42 ugly things
  21 orc knights
  2 orb spiders (Zig:8)
  An anaconda skeleton (Hell)
  A wolf spider (shapeshifter) (Vaults:5)
  61 deep elf magi
  7 harpies
  An orb spider (shapeshifter) (D:13)
  An oklob plant (Swamp:3)
  3 orc sorcerers
  A mana viper (Snake:1)
  A tengu skeleton (D:15)
  2 worldbinders
  A cyclops (shapeshifter) (Vaults:5)
  3 manticores
  10 cyclopes
  A spectral ettin (Crypt:3)
  2 centaur zombies
  A salamander (Snake:1)
  3 black mambas
  A fire giant skeleton (D:15)
  6 rust devils
  19 vault sentinels
  2 cane toads (shapeshifter)
  An apocalypse crab (Abyss:3)
  An eye of devastation (shapeshifter) (Depths:4)
  2 gargoyles
  4 molten gargoyles
  An alligator snapping turtle zombie (Crypt:3)
  An emperor scorpion zombie (Crypt:2)
  A torpor snail (Lair:6)
  2 hellions
  10 cane toads
  4 ice statues
  Maggie (D:6)
  An orange demon (Depths:1)
  7 komodo dragons
  26 freezing wraiths
  2 smoke demons (Hell)
  An efreet (D:14)
  5 rime drakes
  A death yak skeleton (Crypt:1)
  2 demonic crawlers (Zig:8)
  78 yaktaurs
  11 ice devils
  7 small abominations
  4 anaconda simulacra (IceCv)
  4 golden dragon simulacra (IceCv)
  2 hydra zombies (Hell)
  A harpy zombie (D:15)
  A red draconian skeleton (Crypt:1)
  A yaktaur skeleton (D:15)
  2 ancient zymes
  A polar bear (shapeshifter) (Depths:4)
  8 trolls
  2 jumping spiders (shapeshifter)
  6 jumping spiders
  5 red devils
  6 guardian mummies
  Grinder (D:5)
  A meliai (shapeshifter) (Depths:4)
  A sphinx simulacrum (Vaults:2)
  A queen bee (D:9)
  A raiju (shapeshifter) (Vaults:5)
  18 hornets
  27 bog bodies
  12 tyrant leeches
  8 blink frogs
  An elf zombie (Zig:10)
  42 slime creatures
  A hydra skeleton (Hell)
  2 meliai zombies
  An air elemental (Elf:2)
  3 blink frogs (shapeshifter)
  12 hippogriffs
  A stone giant simulacrum (Zig:9)
  An alligator zombie (Hell)
  2 human simulacra
  13 flying skulls
  2 centaur simulacra
  5 water elementals
  A vampire (D:13)
  An alligator skeleton (Crypt:2)
  A ynoxinul (Abyss:3)
  36 yaks
  An ushabti (Zig:10)
  10 shadows
  A tarantella (Zig:8)
  A redback (shapeshifter) (Vaults:5)
  6 spriggans
  22 wraiths
  Eustachio (D:6)
  6 redbacks
  A dire elephant simulacrum (IceCv)
  7 fire elementals (Hell)
  7 wyverns
  4 basilisks
  A tyrant leech zombie (Crypt:2)
  2 golden eyes (shapeshifter)
  3 steam dragons (Lair:6)
  2 neqoxecs (Abyss:3)
  A death yak simulacrum (Lair:1)
  30 vampire mosquitoes
  2 chaos spawn
  A catoblepas simulacrum (Lair:1)
  Grum (D:8)
  2 emperor scorpion simulacra (Hell)
  10 insubstantial wisps
  15 swamp worms
  2 iron troll simulacra (IceCv)
  5 wargs
  Edmund (D:6)
  A monstrous demonspawn zombie (Crypt:2)
  A soldier ant (D:12)
  2 spatial vortices (Abyss:3)
  4 harpy simulacra
  2 cane toad zombies
  4 nagas
  A two-headed ogre zombie (Crypt:1)
  3 acid dragons
  8 water moccasins
  A soldier ant (shapeshifter) (Vaults:3)
  5 hydra simulacra
  8 hell hounds
  3 porcupines
  2 cane toad skeletons
  A faun skeleton (Crypt:3)
  A floating eye (Depths:3)
  3 sky beasts
  An alligator simulacrum (IceCv)
  2 phantoms
  3 hornet zombies
  51 orc warriors
  15 swamp drakes
  4 ice beasts
  An ice dragon simulacrum (Crypt:3)
  2 ettin simulacra (IceCv)
  2 eyes of draining
  11 wolves
  43 ogres
  21 boggarts
  A crocodile (shapeshifter) (Vaults:2)
  16 centaurs
  15 crocodiles
  17 bullfrogs
  3 big kobolds
  Blork the orc (D:5)
  5 earth elementals
  A cane toad simulacrum (Lair:1)
  A wyvern zombie (Crypt:3)
  A palentonga skeleton (Crypt:1)
  A scorpion (shapeshifter) (Depths:4)
  2 scorpions
  A water moccasin skeleton (D:9)
  A raiju zombie (Crypt:3)
  A warg skeleton (Crypt:2)
  24 killer bees
  3 electric eels
  5 wights
  3 howler monkeys (D:10)
  8 crimson imps (Depths:1)
  5 lava snakes (Lair:6)
  A bullfrog zombie (D:6)
  7 starcursed masses (Abyss:3)
  A hippogriff simulacrum (Lair:1)
  A komodo dragon simulacrum (Lair:1)
  3 quasits
  2 draconian simulacra (IceCv)
  A hound (D:3)
  A human zombie (Crypt:3)
  12 iron imps
  2 bullfrog skeletons
  23 orc priests
  5 centaur skeletons
  21 jellies
  2 human skeletons
  2 gnoll shamans
  An iguana (D:4)
  24 orc wizards
  A porcupine zombie (Crypt:3)
  5 hell rats (Hell)
  11 worker ants
  A spriggan simulacrum (IceCv)
  4 troll simulacra (IceCv)
  3 yak simulacra (Lair:3)
  A killer bee zombie (D:6)
  5 polar bear simulacra
  3 wolf simulacra
  An acid dragon zombie (Crypt:2)
  A dwarf skeleton (Crypt:2)
  A hound skeleton (D:6)
  4 mummies
  6 adders
  14 gnolls
  4 ogre simulacra (IceCv)
  3 naga simulacra (IceCv)
  4 shadow imps
  20 white imps
  7 ufetubi
  5 oozes
  A worm zombie (Crypt:3)
  An adder zombie (Crypt:2)
  3 adder skeletons
  A halfling skeleton (Crypt:3)
  A worm (D:2)
  5 dart slugs
  5 leopard geckos
  119 orcs
  3 giant cockroaches
  7 goblins
  16 hobgoblins
  6 jackals
  6 quokkas
  8 bats
  5 frilled lizards
  A frilled lizard skeleton (Crypt:2)
  A frilled lizard zombie (Crypt:3)
  2 jackal skeletons
  A jackal zombie (D:5)
  29 kobolds
  A leopard gecko skeleton (D:4)
  An orc zombie (Crypt:2)
  4 rats (D:2)
  2 river rat simulacra (Lair:3)
  2 crawling corpses (Vaults:5)
  A lurking horror (Abyss:3)
  A starspawn tentacle (Zig:3)
  2 tentacles (Hell)
2475 creatures vanquished.

Vanquished Creatures (collateral kills)
  An orc warlord (Orc:2)
  A rime drake (Lair:1)
  A yak (D:11)
  A warg (Orc:2)
  2 orc warriors (Orc:2)
  A blink frog simulacrum (Lair:1)
  A killer bee (D:9)
  An orc wizard (Orc:2)
  6 orcs (Orc:2)
15 creatures vanquished.

Vanquished Creatures (others)
  Xtahua (Vaults:4)
  A titan (Vaults:5)
  A tengu reaver (Vaults:4)
  A vampire knight (Depths:5)
  A deep elf annihilator (Vaults:5)
  A two-headed ogre (Depths:3)
  A deep elf archer (Elf:2)
  4 deep elf magi
  A black mamba (Lair:6)
  A wyvern (D:9)
  A basilisk (Lair:6)
  A swamp drake (Swamp:3)
  An orc warrior (Vaults:5)
  An ogre (Vaults:5)
  A centaur (D:12)
  2 killer bees (D:9)
  4 orcs (Orc:2)
  22 fungi
  A lurking horror (Abyss:3)
  49 plants
  A starspawn tentacle (Zig:3)
  7 tentacles (Hell)
  29 withered plants
133 creatures vanquished.

Grand Total: 2623 creatures vanquished

Notes
Turn   | Place    | Note
-------+----------+-------------------------------------------
     0 | D:1      | Ijustatesigmund the Halfling Hunter began the quest for the
                  | Orb.
     0 | D:1      | Reached XP level 1. HP: 14/14 MP: 1/1
   290 | D:1      | Reached XP level 2. HP: 18/19 MP: 2/2
   703 | D:2      | Found an ornate altar of the Wu Jian Council.
   713 | D:2      | Reached XP level 3. HP: 24/24 MP: 3/3
   761 | D:2      | Reached skill level 1 in Short Blades
  1092 | D:2      | Reached XP level 4. HP: 29/29 MP: 4/4
  1783 | D:3      | Reached skill level 1 in Shields
  1807 | D:3      | Reached XP level 5. HP: 22/34 MP: 5/5
  2386 | D:3      | Reached XP level 6. HP: 41/41 MP: 6/6
  2509 | D:3      | Found a stormy altar of Qazlal.
  2509 | D:3      | Found a hazy altar of Hepliaklqana.
  2514 | D:3      | Found a sacrificial altar of Ru.
  2516 | D:3      | Found an opulent altar of Gozag.
  2518 | D:3      | Found a snail-covered altar of Cheibriados.
  2690 | D:4      | Found a shattered altar of Ashenzari.
  2983 | D:4      | Reached XP level 7. HP: 29/46 MP: 7/7
  3598 | D:5      | Entered Level 5 of the Dungeon
  3720 | D:5      | Noticed Blork the orc
  3739 | D:5      | Noticed Grinder
  3961 | D:5      | Killed Grinder
  3961 | D:5      | Reached skill level 1 in Armour
  4180 | D:5      | Got a transparent scale mail
  4186 | D:5      | Identified the +1 scale mail "Gisoplit" {Str+4} (You found
                  | it on level 5 of the Dungeon)
  4245 | D:5      | Killed Blork the orc
  4245 | D:5      | Reached XP level 8. HP: 54/54 MP: 8/8
  4471 | D:6      | Noticed Maggie
  4494 | D:6      | Killed Maggie
  4494 | D:6      | Reached skill level 5 in Short Blades
  4665 | D:6      | Noticed Eustachio
  4741 | D:6      | Killed Eustachio
  4741 | D:6      | Reached XP level 9. HP: 59/59 MP: 9/9
  4882 | D:6      | Noticed Edmund
  4889 | D:6      | Killed Edmund
  4889 | D:6      | Reached skill level 10 in Slings
  5117 | D:6      | Reached skill level 5 in Dodging
  5139 | D:6      | Reached skill level 5 in Fighting
  6202 | D:7      | Found a staircase to the Ecumenical Temple.
  6253 | D:7      | Gained mutation: You have a pair of small horns on your
                  | head. [potion of mutation]
  6254 | D:7      | Lost mutation: You have a pair of small horns on your head.
                  | [potion of mutation]
  6254 | D:7      | Gained mutation: Your muscles are strong. (Str +2) [potion
                  | of mutation]
  6450 | D:7      | Noticed a cyclops
  6706 | D:7      | Reached XP level 10. HP: 66/66 MP: 10/10
  6743 | D:7      | You fall into a shaft and drop 1 floor!
  6815 | D:8      | Got a sparkling pewter ring
  6816 | D:8      | Identified the ring of Starshine {+Blink EV+4} (You found
                  | it on level 8 of the Dungeon)
  7078 | D:7      | Identified the ring of Udaxig {rC+ rCorr}
  7100 | D:7      | Killed a cyclops
  7166 | D:7      | Identified the Volume of the Compass and Intoxication
  7324 | D:8      | Noticed Grum
  7556 | D:8      | Killed Grum
  8105 | D:9      | Reached skill level 5 in Stealth
  8366 | D:9      | Found a staircase to the Orcish Mines.
  8677 | D:9      | Reached skill level 5 in Evocations
  8692 | D:9      | Reached XP level 11. HP: 72/72 MP: 11/11
  9280 | D:9      | Noticed a death yak
  9290 | D:9      | Noticed a death yak
  9315 | D:9      | Killed a death yak
  9315 | D:9      | Reached skill level 5 in Armour
  9489 | D:9      | Noticed a death yak
  9501 | D:9      | Killed a death yak
  9504 | D:9      | Killed a death yak
  9616 | D:9      | Found a staircase to the Lair.
  9830 | D:9      | Noticed a lindwurm
  9831 | D:9      | Noticed a lindwurm
  9832 | D:9      | Noticed a lindwurm
  9846 | D:9      | Noticed a lindwurm
  9851 | D:9      | Killed a lindwurm
  9860 | D:9      | Killed a lindwurm
 10214 | D:9      | Killed a lindwurm
 10232 | D:9      | Killed a lindwurm
 10376 | D:10     | Entered Level 10 of the Dungeon
 10455 | D:10     | Noticed a two-headed ogre
 10472 | D:10     | Killed a two-headed ogre
 10472 | D:10     | Reached XP level 12. HP: 58/81 MP: 12/12
 10560 | D:10     | Noticed Gastronok
 10598 | D:10     | Killed Gastronok
 12341 | D:11     | Noticed a seven-headed hydra
 12355 | D:11     | Killed a seven-headed hydra
 12442 | D:11     | Found Yduphax's Antique Armour Emporium.
 12450 | D:11     | Bought a pitted plate armour for 672 gold pieces
 12460 | D:11     | Identified the +10 plate armour of Polytheism {rElec rCorr}
                  | (You bought it in a shop on level 11 of the Dungeon)
 12483 | D:11     | Found a burning altar of Makhleb.
 12485 | D:11     | Noticed a green death
 12802 | D:12     | Noticed a six-headed hydra
 12813 | D:12     | Killed a six-headed hydra
 12943 | D:12     | Found Sumoxagu's Distillery.
 12951 | D:12     | Bought a potion of flight for 48 gold pieces
 13651 | D:3      | Became a worshipper of Cheibriados the Contemplative
 14019 | D:12     | Reached skill level 1 in Invocations
 14063 | D:13     | Noticed a tengu warrior
 14111 | D:13     | Killed a tengu warrior
 14111 | D:13     | Reached skill level 10 in Armour
 14111 | D:13     | Reached skill level 2 in Invocations
 14111 | D:13     | Reached XP level 13. HP: 80/89 MP: 14/14
 14160 | D:13     | Reached skill level 3 in Invocations
 14252 | D:13     | Noticed Josephine
 14272 | D:13     | Killed Josephine
 14296 | D:13     | Reached skill level 4 in Invocations
 14399 | D:13     | Reached * piety under Cheibriados
 14552 | D:13     | Reached skill level 5 in Invocations
 14870 | D:13     | Reached skill level 6 in Invocations
 14982 | D:13     | Found a gate to the Vaults.
 14985 | D:13     | Reached ** piety under Cheibriados
 15182 | Lair:1   | Entered Level 1 of the Lair of Beasts
 15420 | Lair:1   | Noticed an ice dragon
 15434 | Lair:1   | Noticed hemabe71's ghost (journeyman HuAr)
 15480 | Lair:1   | Found a runed translucent gate.
 15480 | Lair:1   | Found a runed translucent gate.
 15480 | Lair:1   | Found a runed translucent gate.
 16326 | Lair:2   | Found a runed translucent gate.
 16326 | Lair:2   | Found a runed translucent gate.
 16326 | Lair:2   | Found a runed translucent gate.
 16326 | Lair:2   | Noticed Colgate's ghost (novice DEVM)
 16335 | Lair:2   | Noticed a four-headed hydra
 16351 | Lair:2   | Killed a four-headed hydra
 16484 | Lair:2   | Found a staircase to the Swamp.
 17019 | Lair:3   | Reached *** piety under Cheibriados
 17039 | Lair:3   | Reached skill level 7 in Invocations
 17178 | Lair:3   | Found a staircase to the Snake Pit.
 18192 | Lair:3   | Reached **** piety under Cheibriados
 18294 | Lair:4   | Reached XP level 14. HP: 90/97 MP: 19/19
 18424 | Lair:2   | Killed hemabe71's ghost
 18424 | Lair:2   | Reached skill level 15 in Slings
 18652 | Lair:1   | Got the ring of Melee {Fire}
 19798 | Lair:5   | Reached ***** piety under Cheibriados
 19866 | Lair:5   | Identified a scroll of acquirement
 19866 | Lair:5   | Acquired a +4 hunting sling of freezing
 19916 | Lair:5   | Reached skill level 8 in Invocations
 19942 | Lair:5   | Found a staircase to the Slime Pits.
 20419 | Lair:6   | Entered Level 6 of the Lair of Beasts
 20468 | Lair:6   | Reached skill level 5 in Shields
 20869 | Lair:6   | Learned a level 1 spell: Apportation
 21235 | Lair:6   | Reached skill level 10 in Short Blades
 21347 | Lair:6   | Found a large runed translucent door.
 21378 | Lair:6   | Reached ****** piety under Cheibriados
 21564 | Lair:6   | Found a large runed translucent door.
 22000 | Orc:1    | Entered Level 1 of the Orcish Mines
 22032 | Orc:1    | Found a roughly hewn altar of Beogh.
 22042 | Orc:1    | Reached skill level 9 in Invocations
 22110 | Orc:1    | Noticed Jorgrun
 22129 | Orc:1    | Killed Jorgrun
 22129 | Orc:1    | Reached skill level 1 in Translocations
 22129 | Orc:1    | Reached XP level 15. HP: 102/102 MP: 19/21
 22703 | Orc:2    | Entered Level 2 of the Orcish Mines
 22804 | Orc:2    | Noticed an orc warlord
 22820 | Orc:2    | Killed an orc warlord
 23188 | Orc:2    | Noticed an orc warlord
 23231 | Orc:2    | Killed an orc warlord
 23400 | Orc:2    | Found a staircase to the Elven Halls.
 23512 | Orc:2    | Found a roughly hewn altar of Beogh.
 23512 | Orc:2    | Found Angish's Gadget Emporium.
 23892 | Orc:2    | Found Zedom's Antique Weapon Boutique.
 23893 | Orc:2    | Found a roughly hewn altar of Beogh.
 23897 | Orc:2    | Found Qyg Qoci's Antique Armour Shop.
 24063 | Orc:2    | Found a roughly hewn altar of Beogh.
 24105 | Orc:2    | Found Pejeh's Jewellery Shop.
 24121 | Orc:2    | Bought an uncursed ring of protection from fire for 325
                  | gold pieces
 24121 | Orc:2    | Bought the amulet "Konid" {Reflect rC+ Dex+4 SH+5} for 681
                  | gold pieces
 24479 | D:14     | Reached skill level 10 in Invocations
 26029 | D:15     | Entered Level 15 of the Dungeon
 26122 | D:15     | Reached skill level 11 in Invocations
 26122 | D:15     | Reached XP level 16. HP: 109/109 MP: 24/24
 26198 | D:15     | Reached skill level 10 in Dodging
 26364 | D:15     | Found a staircase to the Depths.
 27229 | Swamp:1  | Entered Level 1 of the Swamp
 27488 | Swamp:1  | Noticed a thorn hunter
 27510 | Swamp:1  | Killed a thorn hunter
 27595 | Swamp:1  | Learned a level 3 spell: Portal Projectile
 27830 | Swamp:1  | Reached skill level 1 in Hexes
 27837 | Swamp:1  | Reached skill level 12 in Invocations
 28043 | Swamp:1  | You fall into a shaft and drop 1 floor!
 28115 | Swamp:2  | Noticed a thorn hunter
 28422 | Swamp:2  | Killed a thorn hunter
 28433 | Swamp:2  | Noticed a thorn hunter
 28449 | Swamp:2  | Killed a thorn hunter
 28461 | Swamp:2  | Reached skill level 5 in Translocations
 28901 | Swamp:2  | Reached XP level 17. HP: 114/114 MP: 26/26
 30030 | Swamp:1  | Noticed Donald
 30045 | Swamp:1  | Killed Donald
 30306 | Swamp:3  | Reached skill level 5 in Hexes
 31181 | Swamp:3  | Found an iron altar of Okawaru.
 31395 | Swamp:3  | Reached skill level 13 in Invocations
 31660 | Swamp:4  | Entered Level 4 of the Swamp
 32996 | Swamp:4  | Noticed Louise
 33019 | Swamp:4  | Killed Louise
 33316 | Swamp:4  | Noticed a thorn hunter
 33365 | Swamp:4  | Killed a thorn hunter
 33405 | Swamp:4  | Noticed a thorn hunter
 33417 | Swamp:4  | Killed a thorn hunter
 33417 | Swamp:4  | Reached skill level 10 in Fighting
 33602 | Swamp:4  | Reached XP level 18. HP: 82/120 MP: 7/28
 34064 | Swamp:4  | Noticed the 27-headed Lernaean hydra
 34079 | Swamp:4  | Killed the 27-headed Lernaean hydra
 34165 | Swamp:4  | Got a decaying rune of Zot
 34561 | Snake:1  | Entered Level 1 of the Snake Pit
 35000 | Elf:1    | Entered Level 1 of the Elven Halls
 35091 | Elf:1    | Found a frozen archway.
 35135 | Elf:1    | Acquired 1350 gold pieces
 35145 | IceCv    | Entered an ice cave
 36608 | IceCv    | Reached skill level 14 in Invocations
 37239 | Elf:1    | Found a runed translucent door.
 37264 | Elf:1    | Noticed Othadal's ghost (adept GnFi)
 37274 | Elf:1    | Noticed an Ice Fiend
 37546 | Elf:1    | Identified Died's Compendium of Companions
 37663 | Elf:1    | Reached skill level 10 in Evocations
 37719 | Elf:1    | Identified the Almanac of Axaxaxas mlö
 37726 | Elf:1    | Identified the Catalogue of Dhcmrlchtdj
 37746 | Elf:1    | Identified the Handbook of Sand
 38568 | Elf:1    | Killed Othadal's ghost
 38568 | Elf:1    | Reached XP level 19. HP: 100/127 MP: 29/29
 39782 | Elf:2    | Noticed a Hell Sentinel
 40143 | Elf:2    | Found a huge runed translucent gate.
 40434 | Elf:2    | Found a huge runed translucent gate.
 40435 | Elf:2    | Found a huge runed translucent gate.
 40436 | Elf:2    | Found a huge runed translucent gate.
 40437 | Elf:2    | Found a huge runed translucent gate.
 41095 | Elf:3    | Entered Level 3 of the Elven Halls
 41389 | Elf:3    | Found a radiant altar of Vehumet.
 41583 | Elf:3    | Noticed a Brimstone Fiend
 42071 | Elf:3    | Reached XP level 20. HP: 142/142 MP: 30/30
 42203 | Elf:3    | Identified the +1 scale mail "Zicsonut" {Int+2} (You found
                  | it on level 3 of the Elven Halls)
 42217 | Elf:3    | Identified the +0 leather armour of Acramumi {rC+} (You
                  | found it on level 3 of the Elven Halls)
 42258 | Elf:3    | Noticed a Tzitzimitl
 42380 | Elf:3    | Identified the Handbook of Spatial Execration
 42427 | Elf:3    | Identified the +8 bardiche of Integrity {vorpal, rPois
                  | Str+6 Int-5 Stlth+}
 42489 | Elf:3    | Reached skill level 15 in Fighting
 43017 | Elf:3    | Identified the Reference Book on the Glacier and the
                  | Mountains
 43492 | Depths:1 | Entered Level 1 of the Depths
 43958 | Depths:1 | Found a one-way gate to the infinite horrors of the Abyss.
 44226 | Depths:1 | You fall into a shaft and drop 1 floor!
 44253 | Depths:2 | Found a gateway to a ziggurat.
 44267 | Depths:2 | Reached XP level 21. HP: 150/153 MP: 31/31
 44714 | Depths:2 | Reached skill level 10 in Stealth
 45288 | Depths:2 | Found a one-way gate leading to the halls of Pandemonium.
 45800 | Depths:2 | Noticed a caustic shrike
 45816 | Depths:2 | Killed a caustic shrike
 45836 | Depths:2 | Reached skill level 15 in Invocations
 45855 | Depths:2 | Paralysed by a great orb of eyes for 3 turns
 45961 | Depths:2 | Noticed a juggernaut
 46089 | Depths:2 | Killed a juggernaut
 47397 | Depths:2 | Found a gateway to Hell.
 47506 | Depths:3 | Noticed Bai Suzhen
 47547 | Depths:3 | Killed Bai Suzhen
 47740 | Depths:3 | Noticed a golden dragon
 47764 | Depths:3 | Killed a golden dragon
 47959 | Depths:3 | Reached XP level 22. HP: 65/160 MP: 33/33
 48417 | Depths:3 | Noticed a juggernaut
 48440 | Depths:3 | Killed a juggernaut
 48491 | Depths:3 | Identified the cursed +1 whip of Lequafum {flame, Str+4
                  | Int+2}
 48512 | Depths:3 | Reached skill level 16 in Invocations
 48517 | Depths:3 | Identified the +5 pair of gloves of Carved Birdsong {Str+2
                  | Int+3} (You found it on level 3 of the Depths)
 48556 | Depths:3 | Identified the ring of Noconwe {Ice *Drain rPois Int+8}
 49278 | Depths:3 | Noticed Boris
 49306 | Depths:3 | Killed Boris
 50423 | Depths:4 | Found Cemes's Book Boutique.
 50778 | Depths:4 | Noticed a juggernaut
 51266 | Depths:4 | Reached XP level 23. HP: 76/165 MP: 30/35
 51627 | Depths:4 | Reached skill level 17 in Invocations
 53004 | Depths:4 | Identified the +1 robe "Sirph" {+Inv +Fly}
 53325 | Depths:4 | Killed a juggernaut
 53779 | Vaults:1 | Entered Level 1 of the Vaults
 54969 | Vaults:1 | Reached skill level 18 in Invocations
 55014 | Vaults:1 | You fall into a shaft and drop 1 floor!
 55133 | Vaults:2 | Reached XP level 24. HP: 171/171 MP: 36/36
 55147 | Vaults:2 | Gained mutation: You tend to lose your temper in combat. [a
                  | neqoxec]
 55158 | Vaults:2 | Lost mutation: You tend to lose your temper in combat.
                  | [potion of mutation]
 55158 | Vaults:2 | Lost mutation: Your muscles are strong. (Str +2) [potion of
                  | mutation]
 55158 | Vaults:2 | Gained mutation: Your system is resistant to poisons.
                  | (rPois) [potion of mutation]
 55606 | Vaults:2 | Found a staircase to the Crypt.
 55948 | Vaults:2 | Reached skill level 15 in Armour
 56864 | Vaults:1 | Reached skill level 15 in Dodging
 58262 | Vaults:3 | Reached skill level 19 in Invocations
 58803 | Vaults:3 | Reached XP level 25. HP: 179/179 MP: 36/36
 60090 | Vaults:4 | Noticed Xtahua
 60112 | Vaults:4 | Killed Xtahua
 60112 | Vaults:4 | Reached skill level 10 in Shields
 60408 | Vaults:4 | Noticed Sojobo
 60473 | Vaults:4 | Killed Sojobo
 60804 | Vaults:4 | Found a runed translucent gate.
 60804 | Vaults:4 | Noticed Kuqudo's ghost (adept DDFi)
 60805 | Vaults:4 | Found a runed translucent gate.
 60805 | Vaults:4 | Found a runed translucent gate.
 61326 | Vaults:4 | Got a transparent demon blade
 61327 | Vaults:4 | Identified the cursed +3 demon blade of Offence {flame,
                  | +Inv rPois MR+ Dex+3} (You found it on level 4 of the
                  | Vaults)
 61461 | Vaults:4 | Found a roughly hewn altar of Beogh.
 62923 | Depths:1 | Learned a level 2 spell: Blink
 63364 | Hell     | Entered the Vestibule of Hell
 63364 | Hell     | Noticed Geryon
 63389 | Hell     | Killed Geryon
 64111 | Hell     | Reached XP level 26. HP: 150/186 MP: 36/36
 64262 | Hell     | Found a gateway to the freezing wastes of Cocytus.
 64603 | Hell     | Found a gateway to the ashen valley of Gehenna.
 65143 | Hell     | Found a gateway to the Iron City of Dis.
 65305 | Hell     | Found a gateway to the decaying netherworld of Tartarus.
 65513 | Depths:5 | Entered Level 5 of the Depths
 67424 | Depths:5 | Acquired the +3 pair of boots "Zaodwul" {-Tele rPois rN+++
                  | Stlth-}
 67454 | Depths:5 | Found a gate to the Realm of Zot.
 68210 | Vaults:5 | Entered Level 5 of the Vaults
 68255 | Vaults:5 | Got a coiled steel ring
 68257 | Vaults:5 | Identified the cursed ring of the Cockroach {+Fly rPois rC+
                  | Str-4} (You found it on level 5 of the Vaults)
 68379 | Vaults:5 | Reached XP level 27. HP: 191/191 MP: 36/36
 68558 | Vaults:5 | Found Lup Qyh's Antique Armour Shoppe.
 68953 | Vaults:5 | Cast into level 3 of the Abyss (a lich)
 69573 | Abyss:3  | Paralysed by you for 2 turns
 69595 | Abyss:3  | Paralysed by accursed screaming for 1 turns
 69616 | Vaults:5 | Escaped the Abyss
 69697 | Vaults:5 | Reached skill level 20 in Invocations
 71278 | Vaults:5 | Identified the cursed +3 quarterstaff of Gozag's
                  | Displeasure {freeze, MR+ Int+4 Dex+3}
 71278 | Vaults:5 | Noticed Boris
 71360 | Vaults:5 | Killed Boris
 71376 | Vaults:5 | Reached skill level 15 in Short Blades
 72183 | Vaults:5 | Found Aviakky's Jewellery Shop.
 72241 | Vaults:5 | Bought a +4 ring of slaying for 1326 gold pieces
 72250 | Vaults:5 | Bought a glowing cloak for 270 gold pieces
 72294 | Vaults:5 | Got a silver rune of Zot
 73132 | Crypt:1  | Entered Level 1 of the Crypt
 74915 | Crypt:2  | Reached skill level 21 in Invocations
 75656 | Crypt:2  | Found a basalt altar of Yredelemnul.
 75994 | Crypt:3  | Entered Level 3 of the Crypt
 76179 | Crypt:3  | Found a magical portal.
 76328 | WizLab   | Entered Iskenderun's Mystic Tower
 76931 | WizLab   | Reached skill level 15 in Stealth
 77254 | WizLab   | Identified Iskenderun's Reference Book on Conjuration
 77254 | WizLab   | Identified Iskenderun's Volume of Combat Magic
 77775 | Crypt:3  | Found an ancient bone altar of Kikubaaqudgha.
 78014 | Crypt:3  | Reached skill level 22 in Invocations
 78109 | Crypt:3  | Identified the amulet "Murhamor" {Acrobat MP-9 Int+7} (You
                  | found it on level 3 of the Crypt)
 78121 | Crypt:3  | Identified Kikubaaqudgha's Almanac of Stolen Souls
 78467 | Crypt:3  | Found a staircase to the Tomb.
 79706 | Zig:1    | Entered Level 1 of a ziggurat
 79846 | Zig:2    | Entered Level 2 of a ziggurat
 79888 | Zig:2    | Identified the ring "Hogoar" {*Corrode +Fly rElec rF+
                  | Stlth+} (You found it on level 2 of a ziggurat)
 79896 | Zig:3    | Entered Level 3 of a ziggurat
 79947 | Zig:4    | Entered Level 4 of a ziggurat
 79960 | Zig:4    | Noticed Paqov the pandemonium lord
 79990 | Zig:4    | Killed Paqov the pandemonium lord
 80154 | Zig:5    | Entered Level 5 of a ziggurat
 80297 | Zig:6    | Entered Level 6 of a ziggurat
 80468 | Zig:7    | Entered Level 7 of a ziggurat
 80611 | Zig:8    | Entered Level 8 of a ziggurat
 80786 | Zig:8    | Identified the Volume of Evil Venom
 80822 | Zig:9    | Entered Level 9 of a ziggurat
 81043 | Zig:10   | Entered Level 10 of a ziggurat
 81056 | Zig:10   | Noticed a greater mummy
 81056 | Zig:10   | Noticed a greater mummy
 81067 | Zig:10   | HP: 4/200 [mummy priest/divine providence (9)]
 81069 | Zig:10   | Killed a greater mummy
 81073 | Zig:10   | HP: 6/200 [poisoned by an ushabti (dark miasma)]
 81077 | Zig:10   | Demolished by an emperor scorpion

Illustrated notes

Levels and vault maps discovered:
D:1:      lightli_arrival_flooded_house, layout_loops_cross
D:2:      layout_loops_corners, lemuel_round_altar
D:3:      layout_basic, chequers_temple_overflow_minitemple
D:4:      kennysheep_big_flooded_room, layout_basic, evilmike_ruin_ashenzari
D:5:      layout_rooms, uniq_grinder, uniq_blork_the_orc
D:6:      cheibrodos_thug_alley, layout_gridville, minmay_misc_feat_tower,
          uniq_maggie, uniq_edmund, uniq_eustachio
D:7:      minmay_the_grid_square_5x5_3x3 [minmay_the_grid_square_5x5_checkered,
          minmay_the_grid_square_5x5_forky,
          minmay_the_grid_square_5x5_tri_point,
          minmay_the_grid_square_5x5_gyroscope,
          minmay_the_grid_square_5x5_megaprize_diamond,
          minmay_the_grid_square_5x5_mess,
          minmay_the_grid_square_5x5_two_walls_b, minmay_the_grid_square_5x5_z,
          minmay_the_grid_square_5x5_tie], layout_basic,
          minmay_temple_entry_gardened_gates
D:8:      layout_cave_pods, uniq_grum
D:9:      layout_basic, dpeg_lair_monsters, david_orc_2, special_room
          [special_room_bee], minmay_lindwurm_lava
D:10:     cheibrodos_orc_bank, layout_loops_ring, uniq_gastronok
D:11:     layout_rooms, serial_shops, shop, grunt_decor_arrowhead,
          makhleb_altar_promises_db
D:12:     layout_roguey, serial_shops, shop
D:13:     layout_loops_ring, david_vaults_4, uniq_josephine
D:14:     layout_stronghold, hangedman_decor_slide_cut, grunt_tough_drop
D:15:     gammafunk_depths_entry_grave, layout_loops_ring, abandoned_shop
Lair:1:   layout_gridlike, gammafunk_ghost_icy, serial_bayou_shore_a
Lair:2:   layout_cellular_growth, skrybe_swamp_entry_bodies,
          gammafunk_ghost_necromancy
Lair:3:   layout_regular_city, minmay_snake_entry_guardpost_small,
          eino_house_with_fridge, grunt_megastairs_3
Lair:4:   layout_cellular_growth, serial_bayou_pond_c,
          infiniplex_staircase_pool, grunt_megastairs_4, lemuel_fruit_tree
Lair:5:   layout_cave_shapes, minmay_slime_entry_jelly_boxes
Lair:6:   cheibrodos_lair_end_hotspot, layout_misc_corridors
Swamp:1:  layout_falls_marsh, nicolae_swamp_round_clearing, uniq_donald
Swamp:2:  layout_falls_marsh, nicolae_swamp_dense_foliage, swamp_pool4,
          hangedman_swamp_muck
Swamp:3:  layout_falls_marsh, evilmike_swamp_ruin_house_1, swamp_pool5,
          nicolae_swamp_godswood, nicolae_swamp_oklob_treasure_island
Swamp:4:  grunt_swamp_rune_castle, layout_basic_swamp, uniq_louise
Snake:1:  layout_rooms, serial_shops, shop_statue, serial_bayou,
          serial_bayou_lagoon_a, serial_bayou_pond_a, serial_bayou_shore_b,
          serial_bayou_ford_a, basic_altar, st_stairs_8, uniq_kirke
Orc:1:    layout_diamond_mine, mines1_david, uniq_jorgrun
Orc:2:    grunt_orc_community_town_hall, layout_diamond_mine,
          grunt_orc_community_big_house_2, grunt_orc_community_big_house_1,
          grunt_orc_community_house_3, grunt_orc_community_house_3,
          grunt_orc_community_house_3, grunt_orc_community_house_1
Elf:1:    elf_arrival_001, layout_loops_corners,
          portal_ice_cave_entry_ice_statue_two, ebering_ghost_reflecting_pool,
          minmay_elf_demonology, serial_sigils_hangedman_clutch, minivault_19,
          bh_hangedman_babel_library
Elf:2:    layout_onion_city, lemuel_flame_loot_1
Elf:3:    nooodl_elf_gasket, layout_geoelf_castle, basic_altar,
          grunt_ministairs_12
Vaults:1: serial_ice_g, vaults_mumra_minichess, nicolae_vaults_c_with_doors,
          nicolae_vaults_twisting_passages, vaults_dpeg_diagonal, v_misc_4,
          hangedman_vaults_nails, nicolae_vaults_little_squares_2,
          vaults_room_boxed, ontoclasm_vaults_ring_small, v_rooms_5,
          nicolae_vaults_gold_heap, layout_vaults_omnibox
Vaults:2: vaults_dpeg_hooks, v_pattern_2, nicolae_vaults_rhombus_7,
          ontoclasm_vaults_chip, minmay_crypt_entry_simple_corners,
          vaults_mumra_bighexcomb, vaults_room_fours, ontoclasm_vaults_pinch,
          ontoclasm_vaults_hangar, layout_vaults_omnigrid
Vaults:3: nicolae_vaults_rhombus_7, hangedman_vaults_slice, v_misc_5,
          nicolae_vaults_diagonal_hallway_9, vaults_dpeg_ring, v_rooms_3,
          grunt_vaults_bifocal, nicolae_vaults_little_squares_5,
          dpeg_vaults_pockets_of_resistance, vaults_standard_mumra_lines,
          layout_vaults_ring
Vaults:4: biasface_vaults_ghost_orc_armoury, v_misc_3,
          vaults_room_grunt_arrival_ludios, nicolae_vaults_what_the_h,
          v_misc_29, ontoclasm_vaults_eye, grunt_vaults_funnel,
          nicolae_vaults_shelves_hall, vaults_room_grid, vaults_dpeg_cross,
          v_misc_19, ontoclasm_vaults_hangar, layout_vaults_maze, uniq_sojobo,
          uniq_xtahua
Vaults:5: serial_shops, uniq_margery
Crypt:1:  layout_regular_city, serial_sigils_hangedman_scratch,
          minmay_misc_feat_cross, grunt_crypt_arrival_split
Crypt:2:  gammafunk_crypt_yreds_forest, layout_gridlike
Crypt:3:  church_of_pain_bobbens, layout_chaotic_city,
          tomb_entry_forgotten_bobbens, lightli_enter_wizlab_magi_temple,
          serial_sigils_hangedman_shear
Depths:1: minmay_mutant_horseshoe, layout_small_grid,
          grunt_hell_entry_demonic_statue, hangedman_decor_growths, abyss_entry,
          hangedman_stitches_earthworm
Depths:2: kennysheep_green_arena, layout_cave_pools, enter_ziggurat_f,
          hellmouth_1, rand_demon_pan_entry_1
Depths:3: minmay_strange_plus, layout_basic, grunt_pan_entry_spiral,
          abyss_entry, hell_entry, serial_bayou_shore_b,
          infiniplex_staircase_zigzag_5, uniq_bai_suzhen, uniq_boris
Depths:4: hangedman_arch_fort, layout_gridlike, abyss_entry,
          chequers_serial_rivers_micro_d, hell_entry, serial_shops,
          nicolae_shop_waterfront, columned_hall_lemuel
Depths:5: grunt_runaround [grunt_runaround_doors_1, grunt_runaround_doors_2,
          grunt_runaround_doors_3, grunt_runaround_doors_4,
          grunt_runaround_zot], hell_entry
Hell
Zig:10

Skill      XL: |  1  2  3  4  5  6  7  8  9 10 11 12 13 14 15 16 17 18 19 20 21 22 23 24 25 26 27 |
---------------+----------------------------------------------------------------------------------+-----
Slings         | 6 7 8 9 11 12 14 15 16 18 19 20 21 | 21.7
Short Blades   | 1 2 3 4 5 7 8 10 12 16 | 16.0
Fighting       | 2 3 4 5 7 8 9 10 13 16 19 | 19.9
Shields        | 1 2 3 4 6 8 9 11 13 14 | 14.3
Armour         | 2 3 4 7 10 11 12 14 15 16 17 | 17.8
Dodging        | 3 4 5 6 7 9 10 11 12 14 15 16 17 | 17.6
Stealth        | 6 7 9 12 13 18 | 18.8
Evocations     | 5 6 7 10 11 12 | 12.5
Invocations    | 2 7 9 11 12 13 14 15 16 18 19 22 | 22.7
Translocations | 1 3 5 7 |  7.5
Hexes          | 4 7 |  7.3

Action                   |  1- 3 |  4- 6 |  7- 9 | 10-12 | 13-15 | 16-18 | 19-21 | 22-24 | 25-27 || total
-------------------------+-------+-------+-------+-------+-------+-------+-------+-------+-------++-------
Melee: Short sword       |       |       |    11 |    14 |    45 |   179 |    51 |    17 |  1026 ||  1343
       Fustibalus        |       |       |       |       |       |       |       |       |     3 ||     3
 Fire: Hunting sling     |   100 |   169 |   352 |   915 |  1923 |  2166 |  1349 |  2000 |  2626 || 11600
       Fustibalus        |       |       |       |       |       |       |       |       |  1431 ||  1431
Throw: Dart              |       |       |     1 |    19 |    20 |     5 |       |       |     9 ||    54
       Stone             |       |       |       |       |     4 |       |       |       |       ||     4
       Boomerang         |       |       |       |       |       |       |       |       |    14 ||    14
 Cast: Portal Projectile |       |       |       |       |       |     5 |     5 |     2 |    22 ||    34
       Apportation       |       |       |       |       |       |     1 |     6 |       |    33 ||    40
Invok: Slouch            |       |       |       |       |     1 |     4 |     1 |     4 |    24 ||    34
       Step From Time    |       |       |       |       |     1 |       |     3 |       |     1 ||     5
       Temporal Distorti |       |       |       |       |       |       |       |       |     2 ||     2
 Abil: Evoke Invisibilit |       |       |       |     2 |     6 |     1 |     2 |     1 |    12 ||    24
       Evoke Blink       |       |       |       |     2 |     4 |    21 |     5 |     1 |    15 ||    48
Evoke: Wand              |       |       |       |    27 |    17 |     9 |     1 |     2 |    16 ||    72
       Condenser vane    |       |       |       |     3 |     1 |     5 |     3 |     3 |     9 ||    24
       Phantom mirror    |       |       |       |       |       |     2 |     1 |       |       ||     3
  Use: Scroll            |     4 |     6 |     9 |    10 |    15 |    15 |    12 |    11 |    31 ||   113
       Potion            |       |       |     5 |     4 |       |     4 |     7 |     1 |    30 ||    51
 Stab: Paralysed         |       |       |       |     2 |     2 |     1 |       |       |       ||     5
       Confused          |       |       |       |       |     1 |       |       |       |       ||     1
       Sleeping          |       |       |       |       |       |       |       |       |     5 ||     5
       Invisible         |       |       |       |       |       |       |       |       |     2 ||     2
       Distracted        |       |       |       |       |       |       |       |       |     1 ||     1
Armor: Ring mail         |    11 |     7 |     3 |       |       |       |       |       |       ||    21
       Scale mail        |       |       |    38 |       |       |       |       |       |       ||    38
       Acid dragon scale |       |       |     7 |    27 |       |       |       |       |       ||    34
       Plate armour      |       |       |       |    41 |   224 |   276 |    93 |   113 |   617 ||  1364
Dodge: Dodged            |    19 |    33 |    83 |   226 |   520 |  1023 |   328 |   398 |  2387 ||  5017
Block: Buckler           |     1 |     8 |    52 |    96 |   312 |   613 |   342 |   476 |  1993 ||  3893
       Reflection        |       |       |       |       |       |    12 |    64 |    72 |    96 ||   244
       Kite shield       |       |       |       |       |       |       |       |       |   509 ||   509

Table legend: (Time is in decaauts)
 A = Elapsed time spent in this place.
 B = Non-inter-level travel time spent in this place.
 C = Inter-level travel time spent in this place.
 D = Time resting spent in this place.
 E = Time spent auto-exploring this place.
 F = Levels seen in this place.
 G = Mean time per level.
                   A        B        C        D        E       F      G
               +--------+--------+--------+--------+--------+-----+--------+
         Total | 104056 |  95014 |   9042 |  13986 |  62610 |  58 | 1794.1 |
       Dungeon |  20668 |  17726 |   2942 |   2498 |  12061 |  15 | 1377.9 |
          Lair |  10160 |   9041 |   1119 |    702 |   7104 |   6 | 1693.3 |
         Swamp |  10426 |   9945 |    481 |   1446 |   6843 |   4 | 2606.5 |
     Snake Pit |     82 |     82 |      0 |     47 |      0 |   1 |   82.0 |
  Orcish Mines |   3904 |   3230 |    674 |    198 |   2201 |   2 | 1952.0 |
   Elven Halls |   9835 |   8851 |    984 |   1008 |   6192 |   3 | 3278.3 |
        Vaults |  16584 |  15517 |   1067 |   2361 |   9406 |   5 | 3316.8 |
         Crypt |   7708 |   7315 |    393 |    543 |   5316 |   3 | 2569.3 |
        Depths |  17059 |  15682 |   1377 |   3441 |   9449 |   5 | 3411.8 |
          Hell |   2126 |   2125 |      1 |     45 |   1632 |   1 | 2126.0 |
         Abyss |    579 |    579 |      0 |     89 |    282 |   1 |  579.0 |
      Ziggurat |   1578 |   1578 |      0 |    353 |    624 |  10 |  157.8 |
      Ice Cave |   1974 |   1974 |      0 |   1128 |    593 |   1 | 1974.0 |
        Wizlab |   1366 |   1366 |      0 |    122 |    905 |   1 | 1366.0 |
               +--------+--------+--------+--------+--------+-----+--------+

Top non-repeatable levels by time:
Depths:4: 4407 daAuts
Vaults:4: 4331 daAuts
Vaults:5: 4138 daAuts
Depths:3: 3818 daAuts
 Swamp:3: 3476 daAuts
 Crypt:3: 3428 daAuts
   Elf:2: 3370 daAuts
   Elf:3: 3349 daAuts
   Elf:1: 3115 daAuts
Depths:2: 3015 daAuts
Depths:1: 2957 daAuts
Depths:5: 2859 daAuts
Vaults:1: 2747 daAuts
Vaults:3: 2731 daAuts
Vaults:2: 2636 daAuts
